 Dungeon Crawl Stone Soup version 0.18-a0-1203-gbde16db (webtiles) character file.

195 Foomius the Cutter (level 5, 0/34 HPs)
             Began as an Octopode Assassin on Jan 31, 2016.
             Succumbed to poison (a potion of poison)
             ... in an ossuary.
             The game lasted 00:14:14 (2802 turns).

Foomius the Cutter (Octopode Assassin)              Turns: 2802, Time: 00:14:15

Health: 0/34       AC:  1    Str: 11    XL:     5   Next: 74%
Magic:  5/5        EV: 11    Int: 14    God:
Gold:   199        SH:  0    Dex: 13    Spells: 0 memorised, 4 levels left

rFire  . . .     SeeInvis .     a - +2 dagger
rCold  . . .     Gourm    .     (no shield)
rNeg   . . .     Faith    .     (helmet restricted)
rPois  .         Spirit   .     (no amulet)
rElec  .         Dismiss  .     m - ring of stealth
rCorr  .         Reflect  .     (no ring)
SustAt .         Harm     .     (no ring)
MR     .....                    (no ring)
Stlth  +++++.....               (no ring)
                                (no ring)
                                (no ring)
                                (no ring)

@: lethally poisoned (0 -> -13), not resistant to hostile enchantments, quite
stealthy
A: almost no armour, amphibious, 8 rings, constrict 8, camouflage 1, gelatinous
body 1
a: no special abilities


You were in an ossuary.
You were not hungry.

You visited 1 branch of the dungeon, and saw 4 of its levels.
You also visited: Ossuary.

You collected 199 gold pieces.

Inventory:

Hand Weapons
 a - a +2 dagger (weapon)
 b - a +0 blowgun
 c - a +2 falchion of holy wrath
 y - a cursed -3 dagger
Missiles
 d - 2 curare-tipped needles
 j - 107 stones (quivered)
 v - 6 poisoned needles
Jewellery
 m - a ring of stealth (left tentacle)
Scrolls
 e - a scroll of recharging {unknown}
 g - 4 scrolls of teleportation {unknown}
 n - a scroll of noise {unknown}
 t - a scroll of remove curse {unknown}
 u - a scroll of identify {unknown}
 x - 2 scrolls of fear {unknown}
Potions
 h - a potion of might {unknown}
 k - a potion of flight {unknown}
 q - a potion of heal wounds {unknown}
 w - a potion of lignification {unknown}
 z - a potion of haste {unknown}
Books
 s - a book of Fire

   Spells                             Type                      Level
   a - Ignite Poison                  Fire/Transmutation/Poison    3
   b - Fireball                       Conjuration/Fire             5
   c - Bolt of Fire                   Conjuration/Fire             6
   d - Delayed Fireball               Conjuration/Fire             7
   e - Ring of Flames                 Charms/Fire                  7
Comestibles
 f - 2 bread rations
 i - 4 meat rations
 l - 2 beef jerkies
 r - a slice of pizza


   Skills:
 - Level 2.0 Fighting
 + Level 5.8 Short Blades
 - Level 2.0 Throwing
 - Level 1.0 Dodging
 - Level 5.3 Stealth


You had 4 spell levels left.
You didn't know any spells.

Dungeon Overview and Level Annotations

Branches:
Dungeon (4/15)
 Temple: D:4-7

Altars:
Nemelex Xobeh
Qazlal
Trog

Annotations:
D:3 Sigmund


Innate Abilities, Weirdness & Mutations

You cannot wear most types of armour.
You are amphibious.
You can wear up to eight rings at the same time.
You can use your tentacles to constrict eight enemies at once.
Your skin changes colour to match your surroundings (Stealth).
Your rubbery body absorbs attacks (AC +1).


Message History

You hit the hobgoblin zombie.
You destroy the hobgoblin zombie!
The water moccasin zombie bites you!
* * * LOW HITPOINT WARNING * * *
You completely miss the water moccasin zombie.
Your grab misses the water moccasin zombie.
Your squeeze misses the water moccasin zombie.
The water moccasin zombie bites you!
* * * LOW HITPOINT WARNING * * *
You hit the water moccasin zombie. You grab the water moccasin zombie.
You constrict the water moccasin zombie.
The water moccasin zombie completely misses you.
The orc zombie hits you.
* * * LOW HITPOINT WARNING * * *
Drink which item? (? for menu, Esc to quit)
It was a potion of poison.
That liquid tasted very nasty...
You are lethally poisoned!
You constrict the water moccasin zombie.
You die...

######### ###
#∩..#...#!!!!#
#...'.∩.#?[)!+
#...#...#!??!#
#^^.##### ###
#^^.# #@###
#ZZ.# #...#
#...# #...#
#+###


You could see a water moccasin zombie and an orc zombie.

Vanquished Creatures
  2 big kobold zombies (Ossuary)
  3 gnolls (D:2)
  4 adders (D:2)
  2 oozes
  2 adder zombies (Ossuary)
  A worm (D:3)
  A giant gecko (D:2)
  6 orcs
  2 giant cockroaches (D:1)
  5 goblins
  8 hobgoblins
  6 jackals
  A quokka (D:2)
  3 ball pythons
  8 bats
  2 hobgoblin zombies (Ossuary)
  10 kobolds
  A kobold zombie (Ossuary)
  5 rats
72 creatures vanquished.

Vanquished Creatures (others)
  A rat (D:2)
1 creature vanquished.

Grand Total: 73 creatures vanquished

Notes
Turn   | Place    | Note
--------------------------------------------------------------
     0 | D:1      | Foomius the Octopode Assassin began the quest for the Orb.
     0 | D:1      | Reached XP level 1. HP: 14/14 MP: 1/1
   203 | D:1      | Reached XP level 2. HP: 4/19 MP: 2/2
  1095 | D:2      | Reached XP level 3. HP: 24/24 MP: 3/3
  1240 | D:2      | Found a bloodstained altar of Trog.
  1281 | D:2      | Found a sparkling altar of Nemelex Xobeh.
  1406 | D:2      | Reached XP level 4. HP: 29/29 MP: 4/4
  1804 | D:2      | Found a stormy altar of Qazlal.
  1858 | D:2      | Reached skill level 5 in Short Blades
  1858 | D:2      | Reached XP level 5. HP: 25/34 MP: 5/5
  2417 | D:3      | Noticed Sigmund
  2576 | D:4      | Found a sand-covered staircase.
  2589 | Ossuary  | Entered an ossuary
  2802 | Ossuary  | Succumbed to poison (a potion of poison)

Vault maps used:
D:1:      enne_arrival_octagon_isle, grunt_decor_cap, grunt_decor_fettered,
          minmay_splitting_lines
D:2:      grunt_qazlal_clouds, lemuel_round_altar, minmay_misc_feat_tower,
          supply_closet_lemuel, lemuel_tele_altar
D:3:      nicolae_overflow_hidden_temple, first_bread, grunt_ministairs_7,
          uniq_sigmund
D:4:      enter_ossuary_1, gup_sewer_entry_glass
Ossuary:  ossuary_tomb_2

Action                   |  1- 3 |  4- 6 || total
-------------------------+-------+-------++-------
Melee: Dagger            |    35 |    81 ||   116
 Fire: Blowgun           |    20 |    11 ||    31
Throw: Stone             |    31 |    68 ||    99
  Use: Potion            |       |     1 ||     1
 Stab: Sleeping          |    14 |     7 ||    21
       Distracted        |       |     1 ||     1
  Eat: Chunk             |     1 |     3 ||     4
       Royal jelly       |       |     1 ||     1
